 Dungeon Crawl Stone Soup version 0.23-a0-32-g1388f29 (webtiles) character file.

2095 Amnesiac the Geomancer (level 9, -3/57 HPs)
             Began as a Mummy Earth Elementalist on Aug 4, 2018.
             Was a High Priest of Vehumet.
             Slain by a gnoll
             ... wielding a +0 halberd
              (13 damage)
             ... in a bailey.
             The game lasted 00:21:22 (6425 turns).

Amnesiac the Geomancer (Mummy Earth Elementalist)   Turns: 6425, Time: 00:21:23

Health: -3/57      AC:  4    Str: 11    XL:     9   Next: 7%
Magic:  6/21       EV: 12    Int: 17    God:    Vehumet [*****.]
Gold:   284        SH:  0    Dex: 13    Spells: 10/25 levels left

rFire    x . .     SeeInvis .   a - +0 hunting sling
rCold    + . .     Gourm    .   (no shield)
rNeg     + + +     Faith    +   c - +0 robe
rPois    ∞         Spirit   .   (no helmet)
rElec    .         Reflect  .   (no cloak)
rCorr    .         Harm     .   e - +1 pair of gloves
MR       ++...                  (no boots)
Stlth    +++.......             s - amulet of faith
HPRegen  0.19/turn              o - ring of stealth
MPRegen  0.17/turn              k - ring of protection from magic

@: no status effects
A: no food or potions, fire vulnerability, cold resistance 1, negative energy
resistance 3, torment resistance, unbreathing
a: Renounce Religion


You were in a bailey.
You worshipped Vehumet.
Vehumet was extremely pleased with you.
You were not hungry.

You visited 1 branch of the dungeon, and saw 7 of its levels.
You also visited: Ossuary and Bailey.

You collected 284 gold pieces.

Inventory:

Hand Weapons
 a - a +0 hunting sling (weapon)
 b - a +0 dagger of pain
 g - a +0 blowgun
Missiles
 d - 132 stones (quivered)
 n - 69 poisoned needles
 B - 53 tomahawks of returning
Armour
 c - a +0 robe (worn)
 e - a +1 pair of gloves (worn)
 f - a +0 buckler
 A - a +1 pair of gloves
Jewellery
 k - a ring of protection from magic (right hand)
 o - a ring of stealth (left hand)
 s - an amulet of faith (around neck)
 x - an uncursed amulet of the acrobat {unknown}
 z - an uncursed amulet of the gourmand {unknown}
Wands
 l - a wand of paralysis (11)
 r - a wand of iceblast (8)
Scrolls
 h - 5 scrolls of teleportation {!r, unknown}
 i - 2 scrolls of fear {!r}
 j - a scroll of fog {!r}
 m - a scroll of amnesia {!r}
 p - 2 scrolls of magic mapping {!r, unknown}
 q - 2 scrolls of remove curse {!r, unknown}
 t - 2 scrolls of holy word {!r, unknown}
 u - a scroll of silence {!r, unknown}
 v - 3 scrolls of identify {!r}
 w - a scroll of enchant weapon {!r, unknown}


   Skills:
 - Level 1.5 Dodging
 - Level 1.5 Stealth
 + Level 8.6 Spellcasting
 - Level 0.7 Transmutations
 * Level 8.6 Earth Magic


You had 10 spell levels left.
You knew the following spells:

 Your Spells              Type           Power        Failure   Level  Hunger
a - Sandblast             Erth           #####.       1%          1    N/A
b - Passwall              Tmut/Erth      ###.....     2%          2    N/A
c - Stone Arrow           Conj/Erth      ###...       1%          3    N/A
d - Lee's Rapid Deconstr  Erth           #####.....   2%          5    N/A
e - Petrify               Tmut/Erth      ###.....     14%         4    N/A

Your spell library contained the following spells:

 Spells                   Type           Power        Failure   Level  Hunger


Dungeon Overview and Level Annotations

Branches:
Dungeon (7/15)             Temple (0/1) D:7

Altars:
Dithmenos
Trog
Vehumet
Wu Jian
The Shining One

Annotations:
D:6 Duvessa


Innate Abilities, Weirdness & Mutations

You do not eat or drink.
Your flesh is vulnerable to fire.
You are immune to poison.
Your flesh is cold resistant. (rC+)
You are immune to negative energy. (rN+++)
You are immune to unholy pain and torment.
You can survive without breathing.


Message History

You can't see any susceptible monsters within range! (Use Z to cast anyway.)
You see here a +1 halberd of electrocution.
There is a fountain of blood here.
B - 50 tomahawks of returning (gained 1)
Things that are here:
2 black potions {!q}; a halberd of electrocution; a hobgoblin corpse
There is an open door here.
B - 53 tomahawks of returning (gained 3)
Items here: !! ) † a halberd of electrocution; a brown potion {!q}; an amethyst potion {!q} a gnoll corpse
There is an open door here.
Things that are here:
a halberd of electrocution; a sapphire potion {!q}
There is an open door here.
The kobold shouts!
You hear a shout!
A hobgoblin comes into view.
The kobold throws a tomahawk of returning.
The tomahawk of returning hits you but does no damage.
The weapon returns to the kobold!
Casting: Sandblast (safe; 1% risk of failure)
Confirm with . or Enter, or press ? or * to list all spells.
Aiming: Sandblast (safe; 1% risk of failure)
Press: ? - help, Shift-Dir - straight line, f - hobgoblin
Aim: a hobgoblin The blast of sand hits the hobgoblin.
The hobgoblin is severely wounded.
d - 135 stones The gnoll drinks a potion.
The gnoll seems to speed up.
The hobgoblin hits you but does no damage.
Casting: Sandblast (safe; 1% risk of failure)
Confirm with . or Enter, or press ? or * to list all spells.
Aiming: Sandblast (safe; 1% risk of failure)
Press: ? - help, Shift-Dir - straight line, f/p - hobgoblin
Aim: a hobgoblin (severely wounded)
The blast of sand hits the hobgoblin.
You kill the hobgoblin!
Vehumet accepts your kill.
You feel your power returning.
d - 134 stones The kobold throws a tomahawk of returning.
The tomahawk of returning completely misses you.
Casting: Sandblast (safe; 1% risk of failure)
Confirm with . or Enter, or press ? or * to list all spells.
Aiming: Sandblast (safe; 1% risk of failure)
Press: ? - help, Shift-Dir - straight line, f - kobold
Aim: a kobold The blast of sand misses the kobold.
d - 133 stones The kobold drinks a potion.
The kobold goes berserk!
The gnoll hits you from afar with a halberd!
* * * LOW HITPOINT WARNING * * *
Casting: Sandblast (safe; 1% risk of failure)
Confirm with . or Enter, or press ? or * to list all spells.
Aiming: Sandblast (safe; 1% risk of failure)
Press: ? - help, Shift-Dir - straight line, f/p - kobold
Aim: a kobold (berserk, fast, unusually strong)
The blast of sand hits the kobold.
You kill the kobold!
Vehumet accepts your kill.
You feel your power returning.
d - 132 stones The gnoll hits you from afar with a halberd!
You die...

## ### ##### #.#
#.###)).## #
#'##'##'###'##'##'#
#....!## ##@....#
###.....### #(....#
#.'.)⌠..'.# 'g.⌠..'.#
###.)...#####.(...###
##(....# #.....#
##'##'##(# #'##'##'#
#.###.# #)#.# .# #.#
#)# ### #### ### ###
#)###.# #.#÷###.###.#


You could see a gnoll.

Vanquished Creatures
  An orc knight (Bailey)
  A centaur (D:5)
  2 ogres
  A bullfrog (D:7)
  A big kobold (D:4)
  A scorpion (D:5)
  Dowan (D:6)
  A howler monkey (D:7)
  A crimson imp (D:7)
  2 centaur zombies (Ossuary)
  3 centaur skeletons
  A hound (D:4)
  An orc wizard (D:4)
  A gnoll shaman (D:7)
  16 mummies (Ossuary)
  Ijyb (D:5)
  3 worker ants
  2 hound zombies (Ossuary)
  A hound skeleton (D:4)
  A howler monkey zombie (Ossuary)
  4 worker ant zombies (Ossuary)
  3 adders
  21 gnolls
  An ooze (D:2)
  2 adder zombies (Ossuary)
  A worm (D:3)
  A dart slug (D:1)
  3 leopard geckos
  9 orcs
  3 giant cockroaches
  13 goblins
  21 hobgoblins
  7 jackals
  3 quokkas
  A ball python (D:3)
  5 bats (D:2)
  5 frilled lizards
  A jackal skeleton (D:5)
  41 kobolds
  A leopard gecko zombie (D:6)
  2 quokka skeletons
  3 quokka zombies (Ossuary)
  11 rats
  10 plants (D:4)
214 creatures vanquished.

Vanquished Creatures (others)
  3 plants (D:4)
  2 withered plants (Ossuary)
5 creatures vanquished.

Grand Total: 219 creatures vanquished

Notes
Turn   | Place    | Note
-------+----------+-------------------------------------------
     0 | D:1      | Amnesiac the Mummy Earth Elementalist began the quest for the Orb.
     0 | D:1      | Reached XP level 1. HP: 13/13 MP: 4/4
    12 | D:2      | Found a radiant altar of Vehumet.
    30 | D:2      | Became a worshipper of Vehumet
   327 | D:1      | Reached XP level 2. HP: 14/19 MP: 1/5
   554 | D:1      | Found a glowing golden altar of the Shining One.
   806 | D:1      | Reached XP level 3. HP: 24/24 MP: 7/7
   810 | D:1      | Learned a level 2 spell: Passwall
   814 | D:1      | Learned a level 3 spell: Stone Arrow
  1224 | D:2      | Reached * piety under Vehumet
  1224 | D:2      | Offered knowledge of Shock by Vehumet.
  1987 | D:3      | Reached XP level 4. HP: 30/30 MP: 6/9
  2206 | D:3      | Offered knowledge of Flame Tongue by Vehumet.
  2226 | D:3      | Reached ** piety under Vehumet
  2652 | D:4      | Noticed an ogre
  2658 | D:4      | Killed an ogre
  2658 | D:4      | Reached XP level 5. HP: 25/35 MP: 1/11
  2801 | D:4      | Reached XP level 6. HP: 9/41 MP: 11/13
  2808 | D:4      | Learned a level 5 spell: Lee's Rapid Deconstruction
  2862 | D:4      | Reached skill level 5 in Earth Magic
  2870 | D:4      | Offered knowledge of Inner Flame by Vehumet.
  3050 | D:4      | Reached skill level 5 in Spellcasting
  3163 | D:4      | Found a bloodstained altar of Trog.
  3169 | D:4      | Learned a level 4 spell: Petrify
  3176 | D:4      | Reached *** piety under Vehumet
  4342 | D:5      | Entered Level 5 of the Dungeon
  4404 | D:5      | Reached XP level 7. HP: 34/46 MP: 13/15
  4645 | D:5      | Noticed Ijyb
  4653 | D:5      | Found a sand-covered staircase.
  4664 | Ossuary  | Entered an ossuary
  4710 | Ossuary  | Offered knowledge of Throw Icicle by Vehumet.
  4837 | Ossuary  | Reached XP level 8. HP: 26/52 MP: 13/18
  4890 | Ossuary  | Reached **** piety under Vehumet
  5022 | Ossuary  | Offered knowledge of Airstrike by Vehumet.
  5262 | D:5      | Killed Ijyb
  5275 | D:5      | Found a shadowy altar of Dithmenos.
  5774 | D:5      | Found an ornate altar of the Wu Jian Council.
  5895 | D:6      | Noticed Dowan
  5897 | D:6      | Killed Dowan
  5931 | D:6      | Noticed Duvessa
  6053 | D:7      | Found a staircase to the Ecumenical Temple.
  6058 | D:7      | Found a flagged portal.
  6067 | Bailey   | Entered a bailey
  6145 | Bailey   | Reached ***** piety under Vehumet
  6175 | Bailey   | Offered knowledge of Iskenderun's Mystic Blast by Vehumet.
  6297 | Bailey   | Noticed an orc knight
  6378 | Bailey   | Killed an orc knight
  6378 | Bailey   | Reached XP level 9. HP: 16/57 MP: 6/21
  6425 | Bailey   | Slain by a gnoll

Vault maps used:
D:1:      shiori_arrival_maze, tso_metal_star
D:2:      lemuel_coloured_pillars_altar
D:4:      kennysheep_kobold_camp, first_ration, trog_hazing_becter
D:5:      kennysheep_mini, basic_altar, chequers_ossuary_entry_cave, uniq_ijyb
D:6:      hangedman_minor_gate_pass, uniq_duvessa, uniq_eustachio
D:7:      dancing_weapons_uskayaw, old_standard_altar,
          minmay_temple_entry_crystal_x, enter_bailey_3, basic_altar
Ossuary:  ossuary_zaba_flooded
Bailey:   bailey_axe_2, bailey

Skill      XL: |  1  2  3  4  5  6  7  8 |
---------------+-------------------------+-----
Earth Magic    | 3 4 5 6 8 |  8.6
Spellcasting   | 3 4 5 6 8 |  8.6
Dodging        | |  1.5
Stealth        | |  1.5
Transmutations | |  0.7

Action                   |  1- 3 |  4- 6 |  7- 9 || total
-------------------------+-------+-------+-------++-------
Melee: Short sword       |    93 |       |       ||    93
       Spear             |    65 |       |       ||    65
       Halberd           |       |       |     1 ||     1
 Fire: Hunting sling     |     5 |   561 |   205 ||   771
 Cast: Sandblast         |    22 |    36 |    56 ||   114
       Stone Arrow       |       |    15 |     3 ||    18
       Lee's Rapid Decon |       |     8 |    31 ||    39
       Passwall          |       |       |     3 ||     3
       Petrify           |       |       |     1 ||     1
Evoke: Wand              |       |       |     6 ||     6
  Use: Scroll            |     2 |     1 |     1 ||     4
 Stab: Sleeping          |     2 |       |       ||     2
       Distracted        |       |       |     1 ||     1
Armor: Robe              |    52 |    21 |    29 ||   102
Dodge: Dodged            |   119 |    77 |   101 ||   297

Table legend:
 A = Spawn XP
 B = Non-spawn XP
 C = Spawn XP percentage of total XP
 D = Spawn monster count
 E = Non-spawn monster count
 F = Spawn count percentage of total count
 G = Total turns spent on level
                    A         B        C        D         E        F      G
               +---------+---------+-------+---------+---------+-------+---------
         Total |       0 |    2993 |   0.0 |       0 |     204 |   0.0 |  6425
               +---------+---------+-------+---------+---------+-------+---------
           D:1 |       0 |      39 |   0.0 |       0 |      22 |   0.0 |  1041
           D:2 |       0 |      44 |   0.0 |       0 |      25 |   0.0 |   824
           D:3 |       0 |      58 |   0.0 |       0 |      17 |   0.0 |   726
           D:4 |       0 |     513 |   0.0 |       0 |      45 |   0.0 |  1751
           D:5 |       0 |     473 |   0.0 |       0 |      16 |   0.0 |   863
           D:6 |       0 |      67 |   0.0 |       0 |       2 |   0.0 |   138
           D:7 |       0 |     330 |   0.0 |       0 |      14 |   0.0 |   133
       Ossuary |       0 |     627 |   0.0 |       0 |      30 |   0.0 |   591
        Bailey |       0 |     842 |   0.0 |       0 |      33 |   0.0 |   358
               +---------+---------+-------+---------+---------+-------+---------
